 Dungeon Crawl Stone Soup version 0.20.0-15-g7f486f2 (webtiles) character file.

5749 dricus the Grappler (level 10, -21/100 HPs)
             Began as a Troll Monk on June 12, 2017.
             Was an Elder of Okawaru.
             Demolished by an orc warrior
             ... wielding a +0 war axe
              (29 damage)
             ... in a bailey.
             The game lasted 00:14:28 (7050 turns).

dricus the Grappler (Troll Monk)                    Turns: 7050, Time: 00:14:29

Health: -21/100    AC:  9    Str: 21    XL:     10   Next: 49%
Magic:  8/9        EV: 10    Int:  8    God:    Okawaru [****..]
Gold:   224        SH:  2    Dex: 13    Spells: 9/9 levels left

rFire    + . .     SeeInvis .     - Unarmed
rCold    + . .     Gourm    +   (no shield)
rNeg     . . .     Faith    .   x - +1 robe {rC+ rF+}
rPois    .         Spirit   .   q - +2 hat
rElec    .         Reflect  +   E - +0 cloak
rCorr    .         Harm     .   (gloves unavailable)
MR       .....                  (boots unavailable)
Stlth    ++........             g - +2 amulet of reflection
Regen    0.7/turn               G - ring of flight
MPRegen  0.2/turn               K - ring of wizardry

@: about to teleport
A: unfitting armour, claws 3, fast metabolism 3, gourmand, regeneration 1,
shaggy fur 1, tough skin 2
a: Heroism, Renounce Religion, Evoke Flight


You were in a bailey.
You worshipped Okawaru.
Okawaru was greatly pleased with you.
You were completely stuffed.

You visited 2 branches of the dungeon, and saw 9 of its levels.
You also visited: Bailey.

You collected 419 gold pieces.
You spent 195 gold pieces at shops.

Inventory:

Missiles
 e - 227 stones (quivered)
 j - 2 throwing nets
Armour
 q - a +2 hat (worn)
 t - a +2 robe of magic resistance
 x - a +1 robe of resistance (worn)
 E - a +0 cloak (worn)
 L - a +2 large shield
Jewellery
 g - a +2 amulet of reflection (around neck)
 G - a ring of flight (left claw)
 K - a ring of wizardry (right claw)
Wands
 a - a wand of lightning (6/15)
 y - a wand of confusion (11/48)
 H - a wand of lightning (8/15)
Scrolls
 c - a scroll of magic mapping {unknown}
 h - 2 scrolls of blinking {unknown}
 n - a scroll of remove curse
 r - a scroll of immolation {unknown}
 v - a scroll of fog {unknown}
 w - a scroll of amnesia
 B - 3 scrolls of enchant weapon {unknown}
 J - a scroll of fear {unknown}
 M - 3 scrolls of identify {@r9}
Potions
 d - 4 potions of magic
 l - 4 potions of curing {@q9}
 m - a potion of lignification
 o - 4 potions of berserk rage
 p - 2 potions of brilliance
 s - 2 potions of agility
 u - 3 potions of flight
 z - 2 potions of heal wounds {unknown}
 C - a potion of mutation {unknown}
 D - a potion of degeneration {unknown}
 F - a potion of resistance {unknown}
 I - a potion of haste {unknown}
Comestibles
 b - 9 bread rations
 f - 4 meat rations
 i - 7 royal jellies
 k - 22 chunks of flesh
 A - 2 fruits


   Skills:
 + Level 6.4 Fighting
 - Level 2.4 Dodging
 - Level 1.0 Stealth
 * Level 13.9 Unarmed Combat


You had 9 spell levels left.
You didn't know any spells.

Dungeon Overview and Level Annotations

Branches:
Dungeon (8/15)             Temple (1/1) D:7
   Lair: D:8-11

Altars:
Ashenzari
Dithmenos
Elyvilon
Fedhas
Gozag
Hepliaklqana
Makhleb
Nemelex Xobeh
Okawaru
Ru
Sif Muna
Trog
Xom
Yredelemnul
Zin
The Shining One

Shops:
D:6 [


Innate Abilities, Weirdness & Mutations

You are too large for most types of armour.
You have claws for hands.
Your metabolism is lightning-fast.
You like to eat raw meat.
Your natural rate of healing is unusually fast.
You are covered in fur. (AC +1)
You have very tough skin. (AC +2)


Message History

The orc warrior is almost dead.
The orc warrior misses you. The goblin closely misses you.
You closely miss the orc warrior.
The orc warrior is almost dead.
The orc knight roars a battlecry!
The gnoll hits you but does no damage.
You scratch the orc warrior.
The orc warrior is almost dead.
The goblin barely misses you.
The orc knight hits you with a broad axe!!
The orc warrior hits you with a war axe!
* * * LOW HITPOINT WARNING * * *
The gnoll hits you but does no damage.
As you read the scroll of teleportation, it crumbles to dust.
You feel strangely unstable. The goblin hits you with a hand axe.
* * * LOW HITPOINT WARNING * * *
The gnoll hits you with an enchanted hand axe!
* * * LOW HITPOINT WARNING * * *
The orc warrior hits you with a war axe!!
You die... ##)#### ##.....## #.......# ##....)..## .. #....))...# ooooo.

.... ##.........## .go#
.... #.....⌠.....###o###
..⌠.. ##.......go##88.88##
..... #......go@#.g.....#
......
##.....og##o......##......
#.......'googgg...)gg....
##.....##.o.....g.##
#######.....⌠.....#
##.........## #.........#
##.......## #.......#


You could see an orc knight, 2 orc warriors, 2 gnolls and a goblin.

Vanquished Creatures
  An orc warlord (Bailey)
  The ghost of Name63 the Geomancer, a novice GrEE of Vehumet (D:6)
  A yak (D:7)
  Sigmund (D:4)
  3 hogs (D:7)
  A human (D:7)
  Eustachio (D:6)
  Duvessa (D:4)
  An ice beast (D:7)
  2 phantoms
  6 orc warriors (Bailey)
  3 sky beasts
  3 ogres
  2 centaurs
  Blork the orc (D:4)
  Dowan (D:4)
  A scorpion (D:5)
  6 killer bees (D:7)
  4 wights (D:7)
  A howler monkey (D:5)
  4 orc priests
  A hound (D:5)
  3 jellies
  A centaur zombie (D:7)
  An orc wizard (D:6)
  Ijyb (D:4)
  4 worker ants
  A howler monkey zombie (D:5)
  A worker ant zombie (D:7)
  22 gnolls
  10 adders
  2 oozes
  An adder skeleton (D:7)
  An adder zombie (D:6)
  A worm (D:2)
  2 dart slugs
  A leopard gecko (D:4)
  26 orcs
  6 bats
  4 giant cockroaches
  20 goblins
  23 hobgoblins
  6 jackals
  2 quokkas (D:6)
  3 ball pythons
  4 frilled lizards
  10 kobolds
  A quokka zombie (D:7)
  8 rats
211 creatures vanquished.

Notes
Turn   | Place    | Note
-------+----------+-------------------------------------------
     0 | D:1      | dricus the Troll Monk began the quest for the Orb.
     0 | D:1      | Reached XP level 1. HP: 22/22 MP: 0/0
   361 | D:1      | Reached XP level 2. HP: 29/29 MP: 1/1
   543 | D:1      | Reached skill level 4 in Unarmed Combat
   843 | D:1      | Reached XP level 3. HP: 36/36 MP: 2/2
  1254 | D:2      | Found a deep blue altar of Sif Muna.
  1467 | D:2      | Reached XP level 4. HP: 42/44 MP: 3/3
  1649 | D:2      | Reached skill level 5 in Unarmed Combat
  1764 | D:3      | Found a glowing golden altar of the Shining One.
  2235 | D:3      | Found a glowing silver altar of Zin.
  2577 | D:4      | Noticed an ogre
  2583 | D:4      | Killed an ogre
  2583 | D:4      | Reached skill level 6 in Unarmed Combat
  2583 | D:4      | Reached XP level 5. HP: 22/50 MP: 4/4
  2588 | D:4      | Noticed Dowan
  2640 | D:4      | Killed Dowan
  2652 | D:4      | Noticed Duvessa
  2663 | D:4      | Killed Duvessa
  2663 | D:4      | Reached skill level 7 in Unarmed Combat
  2663 | D:4      | Reached XP level 6. HP: 34/59 MP: 5/5
  2836 | D:4      | Found a burning altar of Makhleb.
  2848 | D:4      | Noticed Sigmund
  2866 | D:4      | Killed Sigmund
  2939 | D:4      | Reached skill level 8 in Unarmed Combat
  2939 | D:4      | Reached XP level 7. HP: 66/66 MP: 6/6
  3027 | D:4      | Noticed Ijyb
  3050 | D:4      | Killed Ijyb
  3305 | D:4      | Noticed Blork the orc
  3313 | D:4      | Killed Blork the orc
  3399 | D:5      | Entered Level 5 of the Dungeon
  3494 | D:5      | Reached skill level 9 in Unarmed Combat
  3651 | D:5      | Found a hazy altar of Hepliaklqana.
  3683 | D:5      | Reached XP level 8. HP: 62/74 MP: 7/7
  3715 | D:5      | Reached skill level 10 in Unarmed Combat
  3990 | D:5      | Found a sparkling altar of Nemelex Xobeh.
  4571 | D:6      | Found a sparkling altar of Nemelex Xobeh.
  4618 | D:6      | Found Ihiol's Antique Armour Shoppe.
  4624 | D:6      | Bought an embroidered hat for 119 gold pieces
  4629 | D:6      | Bought a cloak for 76 gold pieces
  4691 | D:6      | Reached skill level 11 in Unarmed Combat
  4757 | D:6      | Noticed Eustachio
  4761 | D:6      | Noticed Name63's ghost (novice GrEE)
  4764 | D:6      | Killed Eustachio
  5212 | D:6      | Killed Name63's ghost
  5212 | D:6      | Reached XP level 9. HP: 83/84 MP: 8/8
  5548 | D:7      | Found a staircase to the Ecumenical Temple.
  5598 | Temple   | Entered the Ecumenical Temple
  5642 | Temple   | Became a worshipper of Warmaster Okawaru
  5642 | Temple   | Reached * piety under Okawaru
  5642 | Temple   | Reached ** piety under Okawaru
  5814 | D:7      | Reached skill level 12 in Unarmed Combat
  6047 | D:7      | Got a bloodstained flail
  6048 | D:7      | Identified the cursed +1 flail of Ceej {freeze, rN+ Dex+2} (You found it on level 7 of the Dungeon)
  6125 | D:7      | Reached skill level 5 in Fighting
  6271 | D:7      | Reached *** piety under Okawaru
  6300 | D:7      | Reached skill level 13 in Unarmed Combat
  6622 | D:8      | Found a flagged portal.
  6637 | Bailey   | Entered a bailey
  6689 | Bailey   | Reached XP level 10. HP: 96/97 MP: 9/9
  7019 | Bailey   | Noticed an orc warlord
  7022 | Bailey   | Noticed an orc knight
  7025 | Bailey   | Noticed an orc knight
  7026 | Bailey   | Noticed an orc knight
  7045 | Bailey   | Killed an orc warlord
  7045 | Bailey   | Reached **** piety under Okawaru
  7045 | Bailey   | Received a gift from Okawaru
  7050 | Bailey   | Demolished by an orc warrior

Skill      XL: |  1  2  3  4  5  6  7  8  9 10 |
---------------+-------------------------------+-----
Unarmed Combat | 4 6 7 8 9 11 13 | 13.9
Fighting       | 4 5 6 |  6.4
Dodging        | |  2.4
Stealth        | |  1.0

Action                   |  1- 3 |  4- 6 |  7- 9 | 10-12 || total
-------------------------+-------+-------+-------+-------++-------
Melee: Unarmed           |   103 |   126 |   279 |    92 ||   600
       Punch             |     1 |     1 |    14 |     5 ||    21
Invok: Heroism           |       |       |     1 |     1 ||     2
  Use: Scroll            |       |     7 |     9 |     1 ||    17
 Stab: Sleeping          |     2 |     1 |       |       ||     3
       Distracted        |     1 |       |     1 |       ||     2
  Eat: Chunk             |    19 |    13 |    33 |     5 ||    70
Armor: Robe              |    48 |    29 |    86 |    20 ||   183
Dodge: Dodged            |    73 |    62 |   123 |    32 ||   290
Block: Other             |       |     6 |    15 |     3 ||    24
